 Dungeon Sprint DCSS version 0.17-a0-1646-geb1493d (webtiles) character file.

60312 Kidiri the Imperceptible (level 13, 0/55 HPs)
             Began as a Spriggan Enchanter on Aug 11, 2015.
             Was the Champion of Dithmenos.
             Slain by an orc knight
             ... wielding a +0 great sword
              (28 damage)
             ... in the Dungeon (Sprint III: "The Ten Rune Challenge").
             The game lasted 00:24:11 (4474 turns).

Kidiri the Imperceptible (Spriggan Enchanter)       Turns: 4474, Time: 00:24:11

Health: 0/55       AC:  5    Str:  2    XL:     13   Next: 30%
Magic:  22/31      EV: 36    Int: 23    God:    Dithmenos [******]
Gold:   79         SH:  0    Dex: 20    Spells: 11 memorised, 6 levels left

rFire  . . .     SeeInvis +     a - +2 dagger
rCold  . . .     Clarity  .     b - +1 robe
rNeg   . . .     SustAt   .     (shield restricted)
rPois  +         Gourm    .     c - +0 hat {Int+3}
rElec  .         Spirit   .     l - +0 cloak {rPois}
rCorr  .         Warding  .     (gloves unavailable)
rMut   .         NoTele   +     (boots unavailable)
MR     ++...                    (no amulet)
Stlth  ++++++++++               (no ring)
                                (no ring)

@: wreathed by umbra, drained, very quick, very resistant to hostile
enchantments, uncannily stealthy
A: unfitting armour, molten scales 1, see invisible, clever 1, herbivore 3,
speed 3, low mp 1, slow metabolism 2, weak 1
a: Shadow Step, Shadow Form, Renounce Religion
}: 2/10 runes: serpentine, barnacled


You were in the Dungeon.
You worshipped Dithmenos.
Dithmenos was exalted by your worship.
You were not hungry.

You visited 1 branch You collected 79 gold pieces.

Inventory:

Hand weapons
 a - a +2 dagger (weapon)
Missiles
 t - 10 throwing nets (quivered)
Armour
 b - a +1 robe (worn)
 c - a +0 hat of intelligence (worn)
 l - a +0 cloak of poison resistance (worn)
Magical devices
 u - a wand of hasting (5)
Scrolls
 n - a scroll of immolation
Potions
 e - 2 potions of curing
 f - a potion of heal wounds
 g - a potion of haste
 h - a potion of magic
 i - 2 potions of berserk rage
 m - a potion of might
 o - 2 potions of degeneration {unknown}
 q - 3 potions of cure mutation
 r - 2 potions of flight
Comestibles
 d - 2 bread rations
 k - 27 royal jellies
 p - 7 fruits


   Skills:
 + Level 11.8(11.0) Short Blades
 * Level 20.0(19.0) Dodging
 * Level 21.4(20.3) Stealth
 * Level 17.3(16.4) Spellcasting
 + Level 8.2(7.4) Conjurations
 + Level 13.2(12.3) Hexes
 + Level 8.4(7.6) Summonings
 + Level 13.5(12.6) Translocations
 + Level 9.3(8.4) Ice Magic
 - Level 2.3(1.6) Invocations


You had 6 spell levels left.
You knew the following spells:

 Your Spells              Type           Power        Failure   Level  Hunger
a - Corona                Hex            ######.      1%          1    None
b - Ensorcelled Hibernat  Hex/Ice        ######       1%          2    None
c - Confuse               Hex            ######..     1%          3    None
d - Tukima's Dance        Hex            ######..     1%          3    None
e - Dazzling Spray        Conj/Hex       ######..     1%          3    None
f - Recall                Summ/Tloc      N/A          1%          3    None
g - Summon Mana Viper     Hex/Summ       ######..     1%          5    ##.....
h - Summon Forest         Summ/Tloc      ######....   1%          5    ##.....
i - Aura of Abjuration    Summ           ######....   4%          5    ##.....
j - Shadow Creatures      Summ           N/A          4%          5    ##.....
k - Summon Demon          Summ           ######....   4%          5    ##.....


Dungeon Overview and Level Annotations

Branches:
Dungeon (1/1)

Altars:
Cheibriados
Dithmenos
Elyvilon
Fedhas
Gozag
Kikubaaqudgha
Makhleb
Nemelex Xobeh
Okawaru
Qazlal
Ru
Sif Muna
Trog
Vehumet
Xom
Yredelemnul
Zin
The Shining One
Jiyva
Lugonu

Shops:
D (?==[!?


Innate Abilities, Weirdness & Mutations

You are tiny and cannot use many weapons and most armour.
You have supernaturally acute eyesight.
You are a herbivore.
You cover ground extremely quickly.
You need consume almost no food.
You are partially covered in molten scales (AC +1).
Your mind is acute. (Int +2)
Your magical capacity is low (-10% MP).
You are weak. (Str -2)


Message History

You hit the orc.
The orc is moderately wounded.
The orc high priest intones a terrible prayer.
The orc high priest prays to Beogh.
The orc knight barely misses you.
The orc sorcerer casts a spell. x2
Casting: Dazzling Spray
Confirm with . or Enter, or press ? or * to list all spells.
Aiming: Ensorcelled Hibernation
Press: ? - help, Shift-Dir - straight line, f - orc
Aim: an orc, wielding a club (black smoke, moderately wounded, consumed by blood-lust, umbra, chance to defeat MR: 85%)
The orc looks drowsy...
Your shadow mimicks your spell!
The orc is unaffected.
The orc warrior completely misses you.
The orc high priest completely misses you.
The soul eater draws from the surrounding life force!
The orc sorcerer completely misses you.
The orc knight hits you with a great sword!!
Ouch! That really hurt!
You die...

▓ ▓▓▓▓▓ ###############o#o#
#___#__[#__#$$$#@3##.
#)..#..)#%_#$3ooooooo#
###+#+###+##$..o3oo3$#
#..........#$.4.ooo.$$#
'.⌠........#$####$#$∩$#
#...######'#.$# #$#$$##
#.⌠.#__#...#'####################
#...#__#...#....#)#)#)..).#......
#+###__#...##.#.)#.##.###.#......


You could see 2 orc knights, 2 soul eaters, an orc high priest (inner flame), a
sixfirhy, a neqoxec, 2 orc sorcerers, 2 orc warriors and 3 orcs.

Vanquished Creatures
  Rupert (D)
  A kraken (D)
  Gastronok (D)
  A greater naga (D)
  Maud (D)
  2 dire elephants (D)
  A naga warrior (D)
  Erolcha (D)
  5 anacondas (D)
  2 hydras (D)
  3 alligator snapping turtles (D)
  4 death yaks (D)
  A death drake (D)
  A lindwurm (D)
  A guardian serpent (D)
  2 elephants (D)
  6 black mambas (D)
  A komodo dragon (D)
  A deep elf priest (D)
  2 spiny frogs (D)
  3 wandering mushrooms (D)
  A queen bee (D)
  A fire drake (D)
  3 snapping turtles (D)
  8 blink frogs (D)
  2 trapdoor spiders (D)
  A shadow (D)
  4 redbacks (D)
  A spatial vortex (D)
  2 hill giants (D)
  2 water moccasins (D)
  2 nagas (D)
  A swamp drake (D)
  A necrophage (D)
  3 two-headed ogres (D)
  2 brain worms (D)
  A water elemental (D)
  An electric eel (D)
  32 killer bees (D)
  An orc priest (D)
  Crazy Yiuf (D)
  A wizard (D)
  A jelly (D)
  Jessica (D)
  A necromancer (D)
  A kobold demonologist (D)
  3 humans (D)
  5 adders (D)
  3 rats (D)
  A fungus (D)
  A plant (D)
129 creatures vanquished.

Vanquished Creatures (collateral kills)
  A spriggan druid (D)
  2 spriggans (D)
3 creatures vanquished.

Vanquished Creatures (others)
  2 draconian scorchers (D)
  2 yaktaurs (D)
  An orc (D)
  A plant (D)
  16 tentacles (D)
  129 tentacle segments (D)
151 creatures vanquished.

Grand Total: 283 creatures vanquished

Notes
Turn   | Place    | Note
--------------------------------------------------------------
     0 | D        | Kidiri the Spriggan Enchanter began the quest for the Orb.
     0 | D        | Reached XP level 1. HP: 9/9 MP: 5/5
    25 | D        | Noticed Jessica
    37 | D        | Killed Jessica
    37 | D        | Reached skill level 5 in Dodging
    37 | D        | Reached skill level 6 in Stealth
    37 | D        | Reached XP level 2. HP: 11/13 MP: 5/8
   162 | D        | Learned a level 2 spell: Ensorcelled Hibernation
   192 | D        | Killed a white draconian scorcher
   204 | D        | Reached XP level 3. HP: 16/16 MP: 0/10
   277 | D        | Killed a white draconian scorcher
   290 | D        | Learned a level 3 spell: Confuse
   294 | D        | Learned a level 3 spell: Tukima's Dance
   309 | D        | Noticed Crazy Yiuf
   316 | D        | Killed Crazy Yiuf
   316 | D        | Reached skill level 7 in Stealth
   316 | D        | Reached skill level 5 in Spellcasting
   316 | D        | Reached skill level 1 in Ice Magic
   316 | D        | Reached XP level 4. HP: 21/21 MP: 12/12
   342 | D        | Gained mutation: Your mind is acute. (Int +2) [potion of mutation]
   342 | D        | Gained mutation: Your mind is very acute. (Int +4) [potion of mutation]
   342 | D        | Gained mutation: You are partially covered in molten scales (AC +1). [potion of mutation]
   343 | D        | Gained mutation: You are weak. (Str -2) [potion of mutation]
   343 | D        | Gained mutation: Your magical capacity is low (-10% MP). [potion of mutation]
   343 | D        | Lost mutation: Your mind is very acute. (Int +4) [potion of mutation]
   384 | D        | Learned a level 3 spell: Dazzling Spray
   384 | D        | Noticed a water elemental
   387 | D        | Killed a water elemental
   387 | D        | Reached skill level 8 in Stealth
   387 | D        | Reached skill level 5 in Hexes
   397 | D        | Noticed a jelly
   398 | D        | Noticed a shadow
   400 | D        | Killed a shadow
   400 | D        | Reached skill level 9 in Dodging
   400 | D        | Reached skill level 10 in Stealth
   400 | D        | Reached XP level 5. HP: 24/24 MP: 12/14
   400 | D        | Reached XP level 6. HP: 28/28 MP: 13/16
   402 | D        | Killed a jelly
   476 | D        | Found a stormy altar of Qazlal.
   477 | D        | Noticed a spatial vortex
   479 | D        | Found a sacrificial altar of Ru.
   479 | D        | Found a burning altar of Makhleb.
   479 | D        | Found a viscous altar of Jiyva.
   479 | D        | Found a shimmering altar of Xom.
   479 | D        | Found a shadowy altar of Dithmenos.
   479 | D        | Found a sparkling altar of Nemelex Xobeh.
   479 | D        | Found a corrupted altar of Lugonu.
   479 | D        | Found an opulent altar of Gozag.
   584 | D        | Killed a spatial vortex
   584 | D        | Reached skill level 5 in Short Blades
   584 | D        | Reached skill level 10 in Dodging
   584 | D        | Reached skill level 11 in Stealth
   588 | D        | Became a worshipper of Dithmenos the Shadowed
   690 | D        | Found a radiant altar of Vehumet.
   691 | D        | Found a deep blue altar of Sif Muna.
   691 | D        | Found an ancient bone altar of Kikubaaqudgha.
   691 | D        | Noticed a wizard
   692 | D        | Killed a wizard
   703 | D        | Learned a level 3 spell: Recall
   709 | D        | Learned a level 5 spell: Summon Mana Viper
   720 | D        | Found a glowing silver altar of Zin.
   721 | D        | Found a glowing golden altar of the Shining One.
   721 | D        | Found a white marble altar of Elyvilon.
   721 | D        | Noticed a deep elf priest
   723 | D        | Killed a deep elf priest
   723 | D        | Reached skill level 1 in Summonings
   723 | D        | Reached XP level 7. HP: 32/32 MP: 16/18
   734 | D        | Found an iron altar of Okawaru.
   734 | D        | Found a bloodstained altar of Trog.
   734 | D        | Noticed a human
   735 | D        | Noticed a human
   736 | D        | Killed a yaktaur
   737 | D        | Killed a human
   737 | D        | Reached skill level 12 in Stealth
   738 | D        | Killed a human
   738 | D        | Reached XP level 8. HP: 36/36 MP: 17/20
   745 | D        | Learned a level 5 spell: Summon Forest
   758 | D        | Found a basalt altar of Yredelemnul.
   758 | D        | Found a snail-covered altar of Cheibriados.
   758 | D        | Found a blossoming altar of Fedhas.
   758 | D        | Noticed a necrophage
   758 | D        | Noticed a necromancer
   760 | D        | Killed a necrophage
   760 | D        | Acquired Dithmenos's first power
   761 | D        | Killed a necromancer
   780 | D        | Noticed a two-headed ogre
   780 | D        | Noticed a two-headed ogre
   784 | D        | Killed a two-headed ogre
   784 | D        | Reached skill level 10 in Spellcasting
   786 | D        | Killed a two-headed ogre
   789 | D        | Noticed a two-headed ogre
   790 | D        | Killed a two-headed ogre
   798 | D        | Noticed a hill giant
   805 | D        | Killed a hill giant
   805 | D        | Acquired Dithmenos's second power
   805 | D        | Reached skill level 13 in Stealth
   892 | D        | Noticed a hill giant
   892 | D        | Noticed Erolcha
   901 | D        | Killed Erolcha
   901 | D        | Reached skill level 5 in Translocations
   901 | D        | Reached XP level 9. HP: 17/39 MP: 12/22
   905 | D        | Killed a hill giant
   905 | D        | Reached skill level 14 in Stealth
   905 | D        | Reached skill level 5 in Ice Magic
  1075 | D        | Noticed a redback
  1089 | D        | Noticed a trapdoor spider
  1091 | D        | Killed a redback
  1091 | D        | Acquired Dithmenos's third power
  1105 | D        | Killed a trapdoor spider
  1117 | D        | Noticed a trapdoor spider
  1119 | D        | Killed a trapdoor spider
  1214 | D        | Learned a level 5 spell: Aura of Abjuration
  1218 | D        | Noticed a killer bee
  1218 | D        | Noticed a killer bee
  1218 | D        | Noticed a killer bee
  1218 | D        | Noticed a killer bee
  1218 | D        | Noticed a killer bee
  1218 | D        | Noticed a killer bee
  1218 | D        | Noticed a killer bee
  1218 | D        | Noticed a killer bee
  1218 | D        | Noticed a killer bee
  1218 | D        | Noticed a killer bee
  1218 | D        | Noticed a killer bee
  1218 | D        | Noticed a killer bee
  1218 | D        | Noticed a killer bee
  1218 | D        | Noticed a killer bee
  1218 | D        | Noticed a killer bee
  1219 | D        | Noticed a killer bee
  1220 | D        | Noticed a killer bee
  1220 | D        | Killed a killer bee
  1222 | D        | Noticed a killer bee
  1222 | D        | Noticed a queen bee
  1222 | D        | Noticed a killer bee
  1222 | D        | Noticed a killer bee
  1222 | D        | Noticed a killer bee
  1222 | D        | Killed a killer bee
  1223 | D        | Noticed a killer bee
  1224 | D        | Noticed a killer bee
  1224 | D        | Noticed a killer bee
  1224 | D        | Killed a killer bee
  1226 | D        | Noticed a killer bee
  1226 | D        | Killed a killer bee
  1226 | D        | Acquired Dithmenos's fourth power
  1228 | D        | Noticed a killer bee
  1228 | D        | Killed a killer bee
  1229 | D        | Noticed a killer bee
  1230 | D        | Noticed a killer bee
  1230 | D        | Killed a killer bee
  1231 | D        | Noticed a killer bee
  1232 | D        | Noticed a killer bee
  1232 | D        | Noticed a killer bee
  1232 | D        | Killed a killer bee
  1234 | D        | Killed a killer bee
  1235 | D        | Noticed a killer bee
  1236 | D        | Killed a killer bee
  1238 | D        | Killed a killer bee
  1240 | D        | Killed a killer bee
  1242 | D        | Killed a killer bee
  1378 | D        | Killed a killer bee
  1380 | D        | Killed a killer bee
  1382 | D        | Killed a killer bee
  1384 | D        | Killed a killer bee
  1386 | D        | Killed a killer bee
  1388 | D        | Killed a killer bee
  1390 | D        | Killed a killer bee
  1390 | D        | Reached skill level 1 in Invocations
  1392 | D        | Killed a killer bee
  1394 | D        | Killed a killer bee
  1396 | D        | Killed a killer bee
  1534 | D        | Killed a killer bee
  1534 | D        | Reached skill level 15 in Stealth
  1536 | D        | Killed a killer bee
  1538 | D        | Killed a killer bee
  1540 | D        | Killed a killer bee
  1542 | D        | Killed a killer bee
  1542 | D        | Reached XP level 10. HP: 44/44 MP: 12/24
  1545 | D        | Killed a killer bee
  1548 | D        | Killed a killer bee
  1550 | D        | Killed a killer bee
  1554 | D        | Killed a killer bee
  1554 | D        | Reached skill level 5 in Conjurations
  1564 | D        | Killed a killer bee
  1571 | D        | Killed a queen bee
  1638 | D        | Killed a yaktaur
  1817 | D        | Noticed a wandering mushroom
  1818 | D        | Noticed a wandering mushroom
  1818 | D        | Noticed a wandering mushroom
  1819 | D        | Killed a wandering mushroom
  1826 | D        | Killed a wandering mushroom
  1829 | D        | Killed a wandering mushroom
  1998 | D        | Noticed a spiny frog
  1998 | D        | Noticed a komodo dragon
  1998 | D        | Noticed a spiny frog
  2002 | D        | Killed a spiny frog
  2003 | D        | Killed a komodo dragon
  2004 | D        | Killed a spiny frog
  2004 | D        | Reached skill level 15 in Dodging
  2004 | D        | Reached skill level 16 in Stealth
  2082 | D        | Noticed a redback
  2084 | D        | Killed a redback
  2085 | D        | Noticed a brain worm
  2088 | D        | Killed a brain worm
  2091 | D        | Noticed a brain worm
  2093 | D        | Killed a brain worm
  2099 | D        | Noticed a lindwurm
  2101 | D        | Noticed a redback
  2102 | D        | Killed a lindwurm
  2102 | D        | Reached skill level 10 in Hexes
  2104 | D        | Killed a redback
  2104 | D        | Reached skill level 5 in Summonings
  2108 | D        | Noticed a redback
  2109 | D        | Killed a redback
  2110 | D        | Noticed Maud
  2112 | D        | Killed Maud
  2112 | D        | Reached skill level 17 in Stealth
  2112 | D        | Reached XP level 11. HP: 47/47 MP: 26/26
  2145 | D        | Learned a level 5 spell: Shadow Creatures
  2147 | D        | Noticed a swamp drake
  2147 | D        | Noticed a fire drake
  2148 | D        | Killed a fire drake
  2150 | D        | Killed a swamp drake
  2156 | D        | Noticed a blink frog
  2156 | D        | Noticed a blink frog
  2156 | D        | Noticed a blink frog
  2157 | D        | Noticed a blink frog
  2157 | D        | Noticed a blink frog
  2158 | D        | Killed a blink frog
  2174 | D        | Killed a blink frog
  2178 | D        | Killed a blink frog
  2368 | D        | Killed a blink frog
  2441 | D        | Killed a blink frog
  2588 | D        | Noticed Rupert
  2590 | D        | Killed Rupert
  2590 | D        | Reached skill level 10 in Translocations
  2597 | D        | Noticed a death yak
  2598 | D        | Noticed a death yak
  2598 | D        | Noticed a blink frog
  2598 | D        | Noticed an azure jelly
  2598 | D        | Noticed a death yak
  2598 | D        | Noticed an azure jelly
  2598 | D        | Noticed a blink frog
  2598 | D        | Noticed a death yak
  2599 | D        | Killed a death yak
  2599 | D        | Reached skill level 18 in Stealth
  2600 | D        | Killed a death yak
  2601 | D        | Killed a blink frog
  2602 | D        | Noticed a blink frog
  2602 | D        | Noticed a black mamba
  2603 | D        | Killed a death yak
  2604 | D        | Noticed a black mamba
  2605 | D        | Killed a death yak
  2605 | D        | Reached skill level 10 in Short Blades
  2606 | D        | Killed a blink frog
  2609 | D        | Killed a black mamba
  2609 | D        | Reached skill level 15 in Spellcasting
  2610 | D        | Killed a black mamba
  2617 | D        | Killed a blink frog
  2688 | D        | Learned a level 5 spell: Summon Demon
  2696 | D        | Noticed a kraken
  2697 | D        | Noticed a snapping turtle
  2699 | D        | Noticed a snapping turtle
  2699 | D        | Noticed an alligator snapping turtle
  2699 | D        | Noticed an alligator snapping turtle
  2699 | D        | Noticed a snapping turtle
  2699 | D        | Noticed an alligator snapping turtle
  2699 | D        | Found Henitall's Jewellery Shop.
  2699 | D        | Found Nooxipsa's Magic Scroll Boutique.
  2699 | D        | Found Gepad's Antique Weapon Shoppe.
  2700 | D        | Killed a snapping turtle
  2757 | D        | Killed an alligator snapping turtle
  2757 | D        | Reached XP level 12. HP: 47/51 MP: 26/29
  2763 | D        | Killed a snapping turtle
  2763 | D        | Reached skill level 19 in Stealth
  2815 | D        | Killed a kraken
  3040 | D        | Killed an alligator snapping turtle
  3259 | D        | Killed a snapping turtle
  3277 | D        | Killed an alligator snapping turtle
  3280 | D        | Got a barnacled rune of Zot
  3483 | D        | Noticed an azure jelly
  3483 | D        | Noticed an azure jelly
  3484 | D        | Noticed an elephant
  3484 | D        | Noticed an elephant
  3484 | D        | Noticed a dire elephant
  3484 | D        | Noticed a dire elephant
  3484 | D        | Noticed Gastronok
  3486 | D        | Killed Gastronok
  3487 | D        | Killed a dire elephant
  3489 | D        | Killed a dire elephant
  3489 | D        | Reached skill level 20 in Stealth
  3495 | D        | Killed an elephant
  3500 | D        | Killed an elephant
  3577 | D        | Noticed an electric eel
  3578 | D        | Noticed a seven-headed hydra
  3578 | D        | Noticed a seven-headed hydra
  3579 | D        | Killed an electric eel
  3588 | D        | Killed a seven-headed hydra
  3592 | D        | Killed a seven-headed hydra
  3790 | D        | Noticed a death drake
  3793 | D        | Killed a death drake
  3803 | D        | Found a blossoming altar of Fedhas.
  3803 | D        | Noticed a spriggan
  3803 | D        | Noticed a spriggan druid
  3803 | D        | Noticed a spriggan
  3812 | D        | Killed a spriggan druid
  3814 | D        | Killed a spriggan
  3817 | D        | Killed a spriggan
  3859 | D        | Noticed a black mamba
  3860 | D        | Noticed an anaconda
  3860 | D        | Noticed an anaconda
  3860 | D        | Noticed an anaconda
  3860 | D        | Noticed a black mamba
  3861 | D        | Killed a black mamba
  3863 | D        | Killed an anaconda
  3865 | D        | Killed an anaconda
  3865 | D        | Reached XP level 13. HP: 55/55 MP: 26/31
  3869 | D        | Killed an anaconda
  3871 | D        | Killed a black mamba
  3924 | D        | Noticed a water moccasin
  3924 | D        | Noticed a black mamba
  3924 | D        | Noticed an anaconda
  3924 | D        | Noticed a black mamba
  3925 | D        | Killed a black mamba
  3928 | D        | Killed a black mamba
  3931 | D        | Killed an anaconda
  3931 | D        | Reached skill level 21 in Stealth
  3932 | D        | Killed a water moccasin
  3967 | D        | Noticed an anaconda
  3967 | D        | Noticed a water moccasin
  3968 | D        | Killed an anaconda
  3970 | D        | Killed a water moccasin
  3994 | D        | Noticed a naga
  3994 | D        | Noticed a naga
  3995 | D        | Noticed a naga warrior
  3995 | D        | Noticed a greater naga
  3995 | D        | Found Figiujiz's Jewellery Shop.
  3995 | D        | Found Nyrevyil's Antique Armour Shoppe.
  3995 | D        | Found Buterir's Distillery.
  3996 | D        | Killed a naga
  4002 | D        | Killed a naga
  4023 | D        | Killed a greater naga
  4030 | D        | Killed a naga warrior
  4315 | D        | Noticed a guardian serpent
  4319 | D        | Killed a guardian serpent
  4322 | D        | Got a serpentine rune of Zot
  4466 | D        | Noticed an orc warrior
  4466 | D        | Noticed an orc priest
  4466 | D        | Noticed an orc knight
  4466 | D        | Noticed an orc sorcerer
  4466 | D        | Noticed an orc warrior
  4466 | D        | Noticed an orc high priest
  4466 | D        | Noticed an orc high priest
  4466 | D        | Noticed an orc knight
  4466 | D        | Noticed an orc sorcerer
  4466 | D        | Noticed an orc wizard
  4466 | D        | Found Xuhior's Magic Scroll Shoppe.
  4468 | D        | Killed an orc priest
  4474 | D        | Slain by an orc knight

Vault maps used:
D:        dungeon_sprint_mu

Action                   |  1- 3 |  4- 6 |  7- 9 | 10-12 | 13-15 || total
-------------------------+-------+-------+-------+-------+-------++-------
Melee: Dagger            |    13 |     6 |    46 |   110 |    23 ||   198
 Cast: Corona            |     1 |       |       |     1 |       ||     2
       Ensorcelled Hiber |     4 |     1 |    35 |    38 |     4 ||    82
       Dazzling Spray    |       |     9 |     2 |    28 |     5 ||    44
       Confuse           |       |       |     1 |     8 |       ||     9
       Summon Demon      |       |       |       |     1 |     2 ||     3
Invok: Shadow Step       |       |       |     2 |    10 |     7 ||    19
  Use: Scroll            |       |     4 |       |     1 |     2 ||     7
       Potion            |       |     2 |       |     2 |     1 ||     5
 Stab: Sleeping          |     4 |     6 |    37 |    47 |    16 ||   110
       Invisible         |       |       |     3 |     3 |     2 ||     8
       Held in net/web   |       |       |     1 |       |       ||     1
       Confused          |       |       |       |     5 |       ||     5
  Eat: Fruit             |       |       |       |     1 |     1 ||     2
